Map: Romanticide LE

Players

PartyWater

  • Race: Zerg Zerg
  • League: Diamond
  • Spawn Location: 11:00

Heeebster - Winner!

  • Race: Protoss Protoss
  • League: Diamond
  • Spawn Location: 5:00

VOD

Have the link to the VOD?

Description

Time

  • Played on: Nov. 15, 2020, 1:24 p.m.
  • Length: 12:48
Show
View Real Time Build Order
Export as new Build Order

PartyWater Zerg 

Build Orders: Hatch First 

Get SALT Encoding   

  12  0:00  Drone  
  13  0:14  Overlord  
  13  0:18  Drone  
  14  0:33  Drone x2  
  16  0:49  Hatchery  
  15  0:52  Drone  
  15  0:56  Drone  
  17  1:00  Drone  
  18  1:12  Extractor  
  18  1:16  Spawning Pool  
  16  1:26  Drone  
  16  1:27  Drone  
  16  1:29  Drone  
  19  1:40  Drone  
  20  1:50  Overlord  
  20  2:02  Queen  
  20  2:03  Queen  
  20  2:04  Zergling x4  
  27  2:15  Drone x2  
  27  2:21  Metabolic Boost  
  28  2:36  Hatchery  
  27  2:43  Drone  
  27  2:44  Drone x2  
  30  2:46  Drone  
  31  2:52  Overlord  
  31  2:59  Queen  
  31  3:04  Overlord  
  33  3:10  Drone x2  
  33  3:12  Drone  
  36  3:15  Drone  
  36  3:17  Drone  
  38  3:23  Pneumatized Carapace  
  38  3:25  Drone  
  38  3:26  Drone  
  40  3:28  Drone  
  40  3:31  Drone  
  40  3:32  Drone  
  43  3:40  Queen  
  45  3:42  Zergling x4  
  47  3:55  Zergling x6  
  50  4:07  Lair  
  50  4:17  Roach Warren, Zergling x16  
  50  4:18  Zergling x2  
  58  4:27  Overlord  
  58  4:28  Overlord x2  
  58  4:38  Overlord x3  
  58  4:47  Overlord x2  
  58  4:58  Roach x6  
  58  4:59  Roach  
  72  5:09  Zergling x8  
  72  5:10  Zergling x4  
  78  5:22  Roach  
  78  5:23  Zergling x8, Roach  
  82  5:34  Roach x2  
  75  5:51  Queen  
  75  5:52  Queen  
  76  6:10  Drone, Hatchery  
  76  6:11  Drone x13  
  78  6:21  Glial Reconstitution  
  78  6:25  Extractor  
  70  6:26  Evolution Chamber, Roach  
  71  6:33  Roach  
  71  6:34  Zergling x12  
  75  6:44  Roach  
  75  6:45  Zergling x4  
  75  6:50  Queen  
  77  7:02  Extractor  
  77  7:03  Extractor, Roach x2  
  78  7:08  Zergling x2  
  78  7:09  Zergling x14  
  86  7:23  Roach x4  
  86  7:24  Zergling x8  
  86  7:25  Queen  
  86  7:26  Queen  
  100  7:31  Drone x2  
  100  7:37  Extractor  
  101  7:38  Zerg Missile Weapons Level 1  
  97  8:02  Drone x5  
  97  8:03  Drone x2  
  97  8:04  Drone  
  105  8:06  Extractor  
  100  8:17  Roach x8  
  113  8:20  Hatchery  
  113  8:23  Baneling Nest  
  113  8:26  Overlord x3  
  109  8:39  Drone  
  109  8:40  Drone x3  
  113  8:46  Drone x5  
  113  8:48  Drone x2  
  119  8:51  Drone x2  
  122  9:09  Centrifical Hooks  
  122  9:11  Roach x7  
  122  9:13  Overlord x3  
  136  9:34  Roach x3  
  136  9:35  Roach x8  
  136  9:36  Overlord  
  158  9:46  Spore Crawler  
  157  9:53  Roach x5  
  157  9:54  Zerg Missile Weapons Level 2  
  157  9:57  Ravager  
  157  9:58  Ravager x9  
  175  10:01  Baneling x6  
  175  10:02  Baneling, Overlord x2  
  175  10:10  Overseer  
  171  10:38  Roach x3  
  171  10:39  Roach x5  
  121  11:58  Hatchery  
  117  12:09  Hatchery  
Show
View Real Time Build Order
Export as new Build Order

Heeebster Protoss - Winner!

Build Orders: Nexus First 

Get SALT Encoding   

  12  0:00  Probe  
  13  0:12  Probe (Chrono Boost)  
  14  0:20  Pylon  
  14  0:24  Probe (Chrono Boost)  
  15  0:36  Probe  
  16  0:49  Probe  
  17  1:00  Nexus  
  17  1:04  Probe  
  18  1:16  Gateway  
  18  1:18  Probe (Chrono Boost)  
  18  1:24  Assimilator  
  19  1:29  Assimilator  
  19  1:32  Probe (Chrono Boost)  
  20  1:42  Gateway  
  20  1:46  Probe  
  21  1:58  Probe  
  22  2:07  Cybernetics Core  
  22  2:10  Probe (Chrono Boost)  
  24  2:16  Probe (Chrono Boost)  
  24  2:20  Pylon  
  25  2:22  Probe (Chrono Boost)  
  25  2:27  Probe (Chrono Boost)  
  27  2:31  Probe (Chrono Boost)  
  27  2:34  Probe (Chrono Boost)  
  27  2:38  Probe  
  27  2:43  Stalker  
  30  2:44  Warp Gate (Chrono Boost)  
  30  2:45  Probe  
  31  2:55  Probe  
  32  2:59  Twilight Council  
  32  3:01  Probe  
  33  3:08  Probe  
  33  3:09  Stalker  
  36  3:15  Pylon  
  36  3:19  Probe  
  37  3:24  Robotics Facility  
  37  3:28  Probe  
  37  3:29  Charge (Chrono Boost)  
  38  3:40  Gateway  
  38  3:43  Gateway  
  38  3:53  Gateway  
  38  3:56  Gateway  
  38  4:05  Gateway  
  38  4:08  Gateway  
  38  4:14  Warp Prism (Chrono Boost)  
  40  4:28  Zealot x2  
  44  4:39  Pylon x2  
  44  4:41  Zealot x2  
  48  4:56  Zealot x2, Shield Battery  
  48  4:57  Zealot x2  
  56  5:08  Zealot x3  
  56  5:10  Zealot  
  64  5:17  Templar Archives  
  64  5:20  Pylon  
  64  5:30  Zealot x2  
  44  5:43  Probe x2  
  44  5:47  Assimilator  
  46  5:50  Zealot x3  
  46  5:55  Probe x2  
  54  6:01  Zealot x2  
  54  6:02  Zealot  
  54  6:04  Zealot  
  62  6:08  Psionic Storm  
  60  6:12  Zealot x2  
  60  6:15  Probe  
  62  6:23  Probe  
  62  6:27  Probe  
  63  6:35  Probe (Chrono Boost)  
  66  6:47  Probe (Chrono Boost)  
  66  6:48  Forge  
  66  6:49  Forge, Probe (Chrono Boost)  
  66  6:52  Pylon  
  66  6:56  Zealot x3  
  68  7:02  Zealot x2  
  68  7:06  Probe x2  
  70  7:26  Nexus  
  70  7:27  Pylon  
  70  7:32  Protoss Ground Weapons Level 1 (Chrono Boost)  
  70  7:35  Probe x2  
  70  7:37  Pylon  
  72  7:45  Protoss Ground Armor Level 1 (Chrono Boost)  
  72  7:47  Probe x2  
  68  7:53  High Templar x2  
  68  7:54  High Templar x3  
  76  7:59  Probe (Chrono Boost)  
  76  8:00  Archon  
  76  8:02  Probe (Chrono Boost)  
  78  8:11  Probe (Chrono Boost)  
  78  8:12  Zealot x3  
  86  8:15  Probe (Chrono Boost)  
  86  8:16  Probe (Chrono Boost)  
  87  8:23  Probe  
  87  8:25  Probe  
  87  8:29  Shield Battery  
  87  8:33  Shield Battery  
  87  8:37  Photon Cannon, Probe (Chrono Boost)  
  87  8:40  Probe (Chrono Boost)  
  89  8:42  Assimilator, Probe (Chrono Boost)  
  89  8:43  Photon Cannon  
  91  8:48  High Templar x4  
  91  8:52  Archon x2  
  91  8:53  Probe (Chrono Boost)  
  91  8:54  Probe (Chrono Boost)  
  100  8:56  Probe (Chrono Boost)  
  100  8:57  Assimilator  
  100  8:59  Probe  
  100  9:00  Zealot x2  
  100  9:01  Assimilator, Probe  
  107  9:08  Immortal  
  111  9:12  Pylon  
  111  9:13  High Templar  
  113  9:22  Zealot x2  
  117  9:26  Pylon  
  117  9:29  Pylon  
  117  9:31  Pylon  
  117  9:33  Pylon  
  117  9:36  Zealot x3  
  117  9:38  Zealot  
  125  9:50  Immortal (Chrono Boost)  
  123  9:56  Zealot x3  
  133  10:03  Zealot x3  
  139  10:21  High Templar  
  139  10:22  High Templar x2  
  139  10:24  Zealot x4  
  136  10:43  Pylon  
  136  10:46  Photon Cannon  
  136  10:47  Photon Cannon  
  118  11:05  Zealot x5  
  118  11:06  Zealot x3  
  112  11:34  Zealot  
  112  11:36  Nexus  
  112  11:37  Zealot  
  99  12:00  Pylon  
Tags
 
Add a new tag
Caveats
  • Supply blocks, unpowered buildings, or Contaminate may cause inaccurate times.
  • Supply counts are checked every 10 seconds.